AoeStats
← Two_Smoothie_Machines

Arabia

510180746Analyzed
1v1 RM · 2d ago on Sep 29, 2026· 51m 51s· 2 players
Game mode
Random Map
Map size
Tiny (2 player)
Population
200
Speed
Normal
Resources
Standard
Victory
Conquest
Starting age
Dark Age
Ending age
Imperial Age
RankedLock teamsTeams togetherTeam positionsShared explorationLock speedFull tech treeHidden civsTurbo modeCheats
Victory
Defeat
🇲🇦 Portuguese · Morocco
1101
+17
🇫🇷 Franks · France
1133
-17
Poketale
6:48 Loom
9:24 Feudal Age
10:00 Double-Bit Axe
21:31 Castle Age
19:39 Gold Mining
20:19 Scale Barding Armor
20:39 Forging
21:34 Bloodlines
22:38 Chain Barding Armor
22:49 Bow Saw
22:46 Horse Collar
24:26 Iron Casting
27:11 Fletching
27:13 Crossbowman
27:53 Bodkin Arrow
29:23 Wheelbarrow
29:15 Town Watch
34:24 Thumb Ring
35:48 Padded Archer Armor
38:18 Ballistics
40:11 Light Cavalry
44:33 Imperial Age
43:02 Leather Archer Armor
44:00 Hand Cart
44:49 Town Patrol
45:04 Arbalester
46:27 Conscription
47:08 Murder Holes
46:40 Pikeman
47:38 Bracer
52:57 Chemistry
Two_Smoothie_Machines
6:34 Loom
10:17 Feudal Age
10:51 Double-Bit Axe
14:51 Town Watch
22:39 Castle Age
20:54 Gold Mining
21:40 Scale Barding Armor
22:32 Forging
23:52 Bow Saw
24:15 Pikeman
27:35 Forging
30:12 Chain Barding Armor
36:21 Padded Archer Armor
36:11 Fletching
38:15 Wheelbarrow
37:10 Elite Skirmisher
43:20 Gold Shaft Mining
43:21 Leather Archer Armor
43:33 Squires
44:34 Bodkin Arrow
46:23 Hand Cart
50:47 Imperial Age
Connection lost

Rejoining the realm…

Still unreachable

The connection could not be restored.

Session expired

The server has moved on; the page needs a fresh start.